 Dungeon Crawl Stone Soup version 0.28-a0-381-g937acc2988 (webtiles) character file.

Game seed: 6958048538205956705

257980 robertstho the Sorcerer (level 20, -43/144 HPs)
             Began as a Djinni Fire Elementalist on Sept 1, 2021.
             Was an Initiate of Gozag.
             Killed from afar by a deep elf annihilator (82 damage)
             ... with an iron shot
             ... on level 3 of the Elven Halls.
             The game lasted 01:28:18 (35163 turns).

robertstho the Sorcerer (Djinni Fire Elementalist) Turns: 35163, Time: 01:28:19

Health: -43/144    AC: 19    Str:  7    XL:     20   Next: 66%
Gold:   9400       EV: 10    Int: 29    God:    Gozag SH:  5 Dex: 22

rFire   + + +      SeeInvis .   P - +6 great sword of Symmetry {drain, Contam rCorr Int+5 Dex+4}
rCold   . . .      Faith    .   (shield currently unavailable)
rNeg    + . .      Spirit   .   T - +2 scale mail "Kipn" {Harm Regen+}
rPois   ∞          Reflect  +   s - +2 helmet
rElec   +          Harm     +   D - +0 cloak
rCorr   +          Rampage  .   G - +3 pair of gauntlets of War {Slay+5}
Will    ++...                   (boots unavailable)
Stlth   ++........              R - amulet of reflection
HPRegen 1.34/turn               f - ring "Tiquriv" {Fly rElec Dex+2}
MPRegen 0.00/turn               X - ring of Pride {Fly rF+ rC+ rN+}

@: gold aura, flying, studying Dodging
A: sickness immunity, fire resistance 2, cold vulnerability 1, float, innate
caster, hp casting, extra vitality 1
}: 2/15 runes: decaying, gossamer
a: Renounce Religion, Potion Petition, Call Merchant, Bribe Branch


You were on level 3 of the Elven Halls.
You worshipped Gozag.
Gozag was greatly pleased with you.
You visited 7 branches of the dungeon, and saw 33 of its levels.
You also visited: Ice Cave.

You collected 13632 gold pieces.
You spent 1886 gold pieces at shops.
You paid 2346 gold pieces to Gozag.

Inventory:

Hand Weapons
 J - a +2 long sword of holy wrath
 P - the +6 great sword of Symmetry (weapon) {drain, Contam rCorr Int+5 Dex+4}
   (You found it on level 9 of the Dungeon)

   A truly terrible weapon, it drains the life of any living foe it strikes.
   Int:       It affects your intelligence (+5).
   Dex:       It affects your dexterity (+4).
   Contam:    It causes magical contamination when unequipped.
   rCorr:     It protects you from acid and corrosion.
Armour
 s - a +2 helmet (worn)
 D - a +0 cloak (worn)
 G - the +3 pair of gauntlets of War (worn) {Slay+5}
   (You found it on level 5 of the Dungeon)

   Slay:      It affects your accuracy & damage with ranged weapons and melee
   (+5).
 T - the +2 scale mail "Kipn" (worn) {Harm Regen+}
   (You bought it in a shop on level 10 of the Dungeon)

   Regen:     It increases your rate of health regeneration.
   Harm:      It increases damage dealt and taken.
 Z - a +0 kite shield of reflection
Jewellery
 f - the ring "Tiquriv" (left hand) {Fly rElec Dex+2}
   (You took it off a spriggan druid on level 4 of the Swamp)

   [ring of flight]

   Dex:       It affects your dexterity (+2).
   rElec:     It insulates you from electricity.
   Fly:       It grants you flight.
 w - a ring of resist corrosion
 z - a +4 ring of protection
 B - a ring of fire
 I - a ring of positive energy
 K - a ring of ice
 R - an amulet of reflection (around neck)
 V - a ring of see invisible
 W - an amulet of regeneration
 X - the ring of Pride (right hand) {Fly rF+ rC+ rN+}
   (You acquired it on level 6 of the Lair of Beasts)

   [ring of protection from fire]

   rF:        It protects you from fire.
   rC:        It protects you from cold.
   rN:        It protects you from negative energy.
   Fly:       It grants you flight.
Wands
 g - a wand of digging (8)
 h - a wand of paralysis (8)
 u - a wand of mindburst (23)
 E - a wand of flame (26)
 L - a wand of iceblast (37)
 M - a wand of acid (6)
Scrolls
 a - 3 scrolls of brand weapon
 b - 17 scrolls of teleportation
 c - 8 scrolls of fog
 j - 6 scrolls of fear
 k - 9 scrolls of vulnerability
 n - 10 scrolls of identify
 t - 4 scrolls of holy word
 v - 5 scrolls of immolation
 y - 4 scrolls of enchant armour
 H - a scroll of blinking
 N - a scroll of torment
 Q - 2 scrolls of summoning
 S - 4 scrolls of magic mapping
 U - 4 scrolls of enchant weapon
Potions
 d - 2 potions of resistance
 e - 7 potions of lignification
 i - 9 potions of curing
 l - 4 potions of haste
 m - a potion of berserk rage
 o - 6 potions of might
 p - 2 potions of invisibility
 r - 2 potions of heal wounds
 x - 19 potions of ambrosia
 A - 2 potions of cancellation
 C - 6 potions of brilliance
 F - 3 potions of mutation
Miscellaneous
 q - a condenser vane (inert)
 O - a tin of tremorstones (2/2)
 Y - a box of beasts


   Skills:
 * Level 13.0 Fighting
 + Level 3.5 Long Blades
 + Level 1.7 Staves
 + Level 8.5 Armour
 + Level 5.8 Dodging
 + Level 5.1 Stealth
 + Level 2.0 Shields
 * Level 22.4 Spellcasting
 + Level 0.2 Evocations


You had 10 spell levels left.
You knew the following spells:

 Your Spells              Type           Power      Damage    Failure   Level
a - Foxfire               Conj/Fire      100%       2x1d9     0%          1
b - Conjure Flame         Conj/Fire      100%       6-21      0%          3
c - Inner Flame           Hex/Fire       100%       N/A       0%          3
d - Sticky Flame          Conj/Fire      100%       2d11      0%          4
e - Fireball              Conj/Fire      52%        3d20      1%          5
f - Apportation           Tloc           100%       N/A       0%          1
g - Wereblood             Tmut           100%       N/A       0%          2
h - Vampiric Draining     Necr           52%        2d13      0%          3
i - Stone Arrow           Conj/Erth      100%       3d13      0%          3
j - Animate Dead          Necr           52%        N/A       0%          4
k - Manifold Assault      Tloc           100%       N/A       1%          5
l - Death Channel         Necr           52%        N/A       1%          6
m - Storm Form            Tmut/Air       52%        N/A       1%          7
n - Summon Cactus Giant   Summ           52%        N/A       1%          6
Your spell library was empty.

Dungeon Overview and Level Annotations

Branches:
Dungeon (13/15)            Temple (1/1) D:5            Lair (6/6) D:8
  Swamp (4/4) Lair:4       Spider (4/4) Lair:3        Slime (0/5) Lair:6
    Orc (2/2) D:12            Elf (3/3) Orc:2         IceCv (visited)
 Vaults: D:13-14

Altars:
Ashenzari
Cheibriados
Dithmenos
Fedhas
Gozag
Hepliaklqana
Kikubaaqudgha
Makhleb
Nemelex Xobeh
Okawaru
Qazlal
Ru
Sif Muna
Trog
Uskayaw
Wu Jian
Xom
Yredelemnul
Zin
The Shining One
Beogh
Jiyva
Lugonu

Shops:
D:10 [   Orc:2 ?*:!   Swamp:4 =

Portals:
Hell: Lair:6
Trove: D:10 (show slimy rune of Zot)

Annotations:
D:5 3 runed translucent doors, mitch45678's ghost, weakling GnDe
D:11 3 runed translucent doors, Wuiriehu's ghost, journeyman TeGl
Lair:6 2 transporters, Juaseomp's ghost, journeyman DjFE
Swamp:3 Mara
Swamp:4 1 runed translucent door, Diuqaka's ghost, adept GrFi
Elf:1 1 runed translucent door, Eveboq's ghost, adept HuCj
Elf:2 3 runed translucent doors


Innate Abilities, Weirdness & Mutations

You are immune to sickness and miasma.
You are immune to poison.
Your flesh is very heat resistant. (rF++)
You are vulnerable to cold. (rC-)
You float through the air rather than walking.
You learn spells naturally, not from books.
Your magical power is your life essence.
You have superior vitality. (+4 HP)


Message History

The deep elf high priest mumbles some strange prayers to its god against you.
The sphere of damnation explodes!
The damnation engulfs you!!
The deep elf master archer wields a +0 longbow.
The deep elf master archer shoots an arrow.
The arrow hits you.
You hear a shout!
Casting: Fireball (safe; 1% risk of failure)
Confirm with . or Enter, or press ? or * to list all spells.
Aiming: Fireball (safe; 1% risk of failure)
Press: ? - help, Shift-Dir - straight line, f/p - deep elf master archer
Aim: a deep elf master archer, wielding a +0 longbow, wearing a +0 leather armour and quivering arrows (severely wounded)
The fireball explodes!
The fireball engulfs the deep elf master archer!!
The deep elf master archer is almost dead.
The fireball engulfs the deep elf annihilator!!
The deep elf annihilator is almost dead.
The deep elf annihilator gestures wildly while chanting.
The deep elf annihilator blinks!
The deep elf master archer shoots an arrow.
The arrow hits you!!
A deep elf zephyrmancer comes into view.
It is wielding a +0 great sword and carrying a wand of iceblast (5).
The deep elf master archer shoots an arrow.
The arrow hits you!!
* * * LOW HITPOINT WARNING * * *
Unknown command.
Casting: Fireball (safe; 1% risk of failure)
Confirm with . or Enter, or press ? or * to list all spells.
Okay, then.
You feel much better.
The deep elf master archer shoots an arrow.
You reflect the arrow off an invisible shield around you!
The arrow hits the deep elf master archer!!
You kill the deep elf master archer!
A deep elf archer comes into view. It is wielding a +0 dagger.
The deep elf zephyrmancer is distracted by your dazzling golden aura.
The deep elf annihilator casts a spell at you.
The iron shot hits you!!!
Ouch! That really hurt!
You die...
Your body crumbles into a pile of gold. ..........e ☼e$e..e.. ☼..e$.. ○..e. $)e

#$# #$#
#.# #@#
#.# #.#
#.# #.#
#.# ####
##.#
#..####..#
#.......##


You could see a deep elf annihilator (empowered), a deep elf elementalist
(empowered, repels missiles), a deep elf archer (empowered, repels missiles), a
deep elf high priest (brilliance aura) and a deep elf zephyrmancer (empowered,
unaware).

Vanquished Creatures
  Bai Suzhen (Swamp:4)
  Nikola (Spider:3)
  Arachne (Spider:3)
  A tentacled monstrosity (Swamp:4)
  A deep elf blademaster (Elf:3)
  3 deep elf master archers (Elf:3)
  3 thorn hunters
  Kirke (Lair:6)
  Donald (Orc:2)
  A storm dragon (D:13)
  An orc warlord (Orc:2)
  4 deep elf sorcerers
  5 ghost moths (Spider:4)
  Louise (Swamp:2)
  An emperor scorpion (Spider:4)
  A deep elf elementalist (Elf:3)
  A deep elf demonologist (Elf:3)
  2 vampire knights (Swamp:4)
  5 entropy weavers
  A deep elf annihilator (Elf:1)
  A dire elephant (Lair:6)
  Nessos (Orc:2)
  3 spark wasps
  A deep elf death mage (Elf:3)
  2 bunyips
  4 eleionomae
  Harold (D:8)
  6 shambling mangroves
  22 hydras
  Erolcha (D:10)
  4 ghost crabs
  A rakshasa (D:13)
  5 boulder beetles (D:13)
  A spriggan air mage (Swamp:4)
  3 centaur warriors (D:13)
  6 two-headed ogres
  8 alligators
  The ghost of Ynoky the Cleaver, a novice DsFi of Okawaru (Lair:1)
  Urug (D:11)
  A vampire mage (Swamp:2)
  A tengu warrior (D:13)
  6 orc high priests
  A hell knight (D:13)
  3 spriggan berserkers
  A sun demon (Lair:6)
  4 deep elf knights
  A skeletal warrior (D:13)
  A fire crab (Lair:6)
  3 spriggan druids
  5 swamp dragons
  5 goliath frogs
  7 bog bodies
  10 deep elf archers
  2 flayed ghosts (Swamp:4)
  15 deep elf zephyrmancers
  A wizard (Lair:6)
  28 deep elf pyromancers
  4 orc sorcerers (Orc:2)
  20 orb spiders
  3 spectral hydras (Swamp:4)
  4 ugly things
  19 wolf spiders
  5 orc knights
  A manticore (D:12)
  2 will-o-the-wisps (Swamp:2)
  A moth of wrath (Spider:4)
  3 oklob plants (Swamp:4)
  Joseph (D:7)
  11 elephants
  4 black mambas
  An orange demon (Lair:6)
  2 torpor snails (Spider:3)
  17 cane toads
  2 gargoyles (D:12)
  Maggie (D:8)
  12 komodo dragons
  8 demonic crawlers
  A hellwing (Lair:6)
  4 ice devils
  2 rime drakes (Lair:6)
  5 kobold demonologists
  A queen bee (Orc:1)
  3 red devils (Lair:6)
  33 jumping spiders
  6 trolls
  A troll (shapeshifter) (Elf:3)
  A polar bear (Lair:1)
  2 queen bees (shapeshifter)
  4 bloated husks
  A death drake zombie (Swamp:4)
  A meliai (D:13)
  2 hydra zombies (Swamp:4)
  30 hornets
  14 tyrant leeches
  22 blink frogs
  A slime creature (shapeshifter) (D:13)
  2 death drake skeletons (Swamp:4)
  5 air elementals
  58 redbacks
  11 spriggans
  3 shadows
  54 yaks
  25 tarantellas
  A human (Lair:6)
  3 wyverns
  Eustachio (D:4)
  4 basilisks
  2 wraiths
  The ghost of SeanNever the Chopper, an amateur MiGl of Nemelex Xobeh (D:6)
  4 fire elementals
  Grum (D:8)
  3 steam dragons
  2 death yak simulacra (IceCv)
  2 hogs (Lair:6)
  5 wargs
  12 swamp worms
  3 hydra simulacra (Swamp:4)
  4 hell hounds (Lair:6)
  7 water moccasins
  46 orc warriors
  3 swamp drakes
  3 black bears
  2 sky beasts
  3 wolves
  A necrophage (D:7)
  2 swamp dragon zombies (Swamp:4)
  10 ogres
  3 swamp dragon skeletons (Swamp:4)
  9 centaurs
  2 phantoms (D:5)
  2 kobold brigands
  Blork the orc (D:4)
  A gnoll sergeant (D:10)
  10 bullfrogs
  2 earth elementals
  3 scorpions
  An elephant simulacrum (IceCv)
  31 killer bees
  3 howler monkeys (D:9)
  8 wights (D:7)
  An electric eel (Spider:2)
  A crimson imp (D:10)
  A bullfrog zombie (D:6)
  4 centaur zombies
  A hound (D:6)
  Crazy Yiuf (D:7)
  A gnoll shaman (D:6)
  36 orc priests
  2 bullfrog skeletons (D:6)
  14 orc wizards
  3 iguanas (D:5)
  3 polar bear simulacra (IceCv)
  A killer bee zombie (D:9)
  A hound zombie (D:5)
  A hound skeleton (D:4)
  18 gnolls
  4 adders
  2 ufetubi (D:5)
  An adder skeleton (D:4)
  3 dart slugs
  131 orcs
  5 ball pythons
  5 endoplasms
  A giant cockroach (D:1)
  10 goblins
  5 hobgoblins
  19 kobolds
  3 quokkas
  4 bats
  5 frilled lizards
  8 rats
  A briar patch (Swamp:4)
1113 creatures vanquished.

Vanquished Creatures (collateral kills)
  A fenstrider witch (Swamp:4)
  A deep elf sorcerer (Elf:3)
  A hydra zombie (Swamp:4)
  A bunyip (Swamp:4)
  A hydra (Swamp:4)
  A deep elf pyromancer (Elf:1)
  An orb spider (Spider:4)
  A death drake skeleton (Swamp:4)
  A redback (Spider:4)
  A swamp worm (Swamp:4)
  A swamp dragon zombie (Swamp:4)
  An ogre (Orc:2)
  An earth elemental (Elf:1)
  An orc priest (Orc:1)
  3 orcs (Orc:2)
  8 foxfires (D:1)
25 creatures vanquished.

Vanquished Creatures (others)
  10 dancing weapons
  A tyrant leech (Swamp:4)
  2 redbacks (Spider:4)
  A swamp worm (Swamp:4)
  An orc (D:10)
  A kobold (D:10)
  4 briar patches (Swamp:4)
  A demonic plant (D:11)
  695 foxfires
  19 fungi
  100 plants
835 creatures vanquished.

Grand Total: 1973 creatures vanquished

Notes
Turn   | Place    | Note
-------+----------+-------------------------------------------
     0 | D:1      | robertstho the Djinni Fire Elementalist began the quest for
                  | the Orb.
     0 | D:1      | Reached XP level 1. HP: 15/15 MP: 0/0
   475 | D:1      | Found a faded altar of an unknown god.
   479 | D:1      | Reached XP level 2. HP: 18/22 MP: 0/0
  1188 | D:1      | Reached XP level 3. HP: 24/26 MP: 0/0
  1188 | D:1      | Learned a level 1 spell: Apportation
  1454 | D:2      | Reached skill level 3 in Spellcasting
  1637 | D:2      | Reached skill level 1 in Fighting
  1961 | D:2      | Reached XP level 4. HP: 25/32 MP: 0/0
  3147 | D:3      | Reached XP level 5. HP: 30/38 MP: 0/0
  3147 | D:3      | Learned a level 2 spell: Wereblood
  3288 | D:3      | Found a hazy altar of Hepliaklqana.
  3291 | D:3      | Found a shimmering altar of Xom.
  3292 | D:3      | Found a glowing golden altar of the Shining One.
  3294 | D:3      | Found a sparkling altar of Nemelex Xobeh.
  3776 | D:4      | Reached skill level 4 in Spellcasting
  3776 | D:4      | Reached XP level 6. HP: 38/43 MP: 0/0
  3812 | D:4      | Noticed a black bear
  3816 | D:4      | Killed a black bear
  4110 | D:4      | Reached XP level 7. HP: 42/49 MP: 0/0
  4110 | D:4      | Learned a level 3 spell: Vampiric Draining
  4180 | D:4      | Found a stormy altar of Qazlal.
  4215 | D:4      | Noticed Blork the orc
  4221 | D:4      | Killed Blork the orc
  4222 | D:4      | Reached skill level 5 in Spellcasting
  4629 | D:4      | Found a snail-covered altar of Cheibriados.
  4682 | D:4      | Noticed Eustachio
  4689 | D:4      | Killed Eustachio
  4690 | D:4      | Reached XP level 8. HP: 46/55 MP: 0/0
  5110 | D:5      | Entered Level 5 of the Dungeon
  5225 | D:5      | Identified the ring of Jepsojoll {rPois rN++ MP+9 Dex+2
                  | Stlth-}
  5242 | D:5      | Reached skill level 6 in Spellcasting
  5311 | D:5      | Found a runed translucent gate.
  5311 | D:5      | Found a runed translucent gate.
  5311 | D:5      | Found a runed translucent gate.
  5312 | D:5      | Noticed mitch45678's ghost (weakling GnDe)
  5461 | D:5      | Found a staircase to the Ecumenical Temple.
  5463 | D:5      | Found the +3 pair of gauntlets of War {Slay+5}
  5498 | Temple   | Entered the Ecumenical Temple
  5597 | Temple   | Became a worshipper of Gozag Ym Sagoz the Greedy
  6118 | D:5      | Reached skill level 7 in Spellcasting
  6684 | D:6      | Reached XP level 9. HP: 57/62 MP: 0/0
  6684 | D:6      | Learned a level 3 spell: Stone Arrow
  7144 | D:6      | Found a runed translucent door.
  7988 | D:6      | Noticed SeanNever's ghost (amateur MiGl)
  7999 | D:6      | Killed SeanNever's ghost
  8000 | D:6      | Reached skill level 8 in Spellcasting
  8400 | D:7      | Noticed Joseph
  8757 | D:7      | Reached skill level 1 in Staves
  8766 | D:7      | Killed Joseph
  9374 | D:7      | Reached skill level 9 in Spellcasting
  9374 | D:7      | Reached XP level 10. HP: 53/69 MP: 0/0
  9519 | D:7      | Found a runed translucent door.
  9520 | D:7      | Noticed Crazy Yiuf
  9655 | D:7      | Killed Crazy Yiuf
  9834 | D:8      | Noticed Grum
  9841 | D:8      | Killed Grum
 10133 | D:8      | Reached skill level 5 in Fighting
 10137 | D:8      | Noticed a komodo dragon
 10139 | D:8      | Killed a komodo dragon
 10176 | D:8      | Reached skill level 10 in Spellcasting
 10485 | D:8      | Noticed Harold
 10731 | D:8      | Found a hide-covered altar of Uskayaw.
 10734 | D:8      | Found a staircase to the Lair.
 10766 | D:8      | Killed Harold
 10767 | D:8      | Reached XP level 11. HP: 41/76 MP: 0/0
 10767 | D:8      | Learned a level 4 spell: Animate Dead
 10819 | D:8      | Noticed Maggie
 10824 | D:8      | Killed Maggie
 10825 | D:8      | Reached skill level 11 in Spellcasting
 11543 | D:9      | Found an iron altar of Okawaru.
 11828 | D:9      | Identified the +6 great sword of Symmetry {drain, Contam
                  | rCorr Int+5 Dex+4}
 12618 | D:9      | Found a blossoming altar of Fedhas.
 12710 | D:10     | Entered Level 10 of the Dungeon
 12739 | D:10     | Noticed Erolcha
 12754 | D:10     | Killed Erolcha
 13344 | D:10     | Noticed a deep elf zephyrmancer
 13350 | D:10     | Killed a deep elf zephyrmancer
 13351 | D:10     | Reached skill level 12 in Spellcasting
 14111 | D:10     | Found a portal to a secret trove of treasure.
 14379 | D:10     | Reached XP level 12. HP: 25/84 MP: 0/0
 14780 | D:10     | Bought a warped scale mail for 369 gold pieces
 14780 | D:10     | Identified the +2 scale mail "Kipn" {Harm Regen+} (You
                  | bought it in a shop on level 10 of the Dungeon)
 14992 | D:11     | Found a corrupted altar of Lugonu.
 15015 | D:11     | Noticed Urug
 15020 | D:11     | Killed Urug
 15260 | D:11     | Found a runed translucent gate.
 15260 | D:11     | Found a runed translucent gate.
 15260 | D:11     | Found a runed translucent gate.
 15262 | D:11     | Noticed Wuiriehu's ghost (journeyman TeGl)
 15646 | D:12     | Reached skill level 13 in Spellcasting
 15697 | D:12     | Noticed a four-headed hydra
 15701 | D:12     | Killed a four-headed hydra
 15752 | D:12     | Noticed a two-headed ogre
 15757 | D:12     | Killed a two-headed ogre
 15758 | D:12     | Reached skill level 1 in Armour
 15826 | D:12     | Found a staircase to the Orcish Mines.
 16198 | D:12     | Noticed a two-headed ogre
 16201 | D:12     | Killed a two-headed ogre
 16358 | D:13     | Noticed a boulder beetle
 16363 | D:13     | Killed a boulder beetle
 16461 | D:13     | Noticed a boulder beetle
 16468 | D:13     | Killed a boulder beetle
 16469 | D:13     | Reached XP level 13. HP: 67/92 MP: 0/0
 16469 | D:13     | Learned a level 5 spell: Manifold Assault
 16551 | D:13     | Noticed a boulder beetle
 16554 | D:13     | Noticed a centaur warrior
 16556 | D:13     | Killed a boulder beetle
 16556 | D:13     | Noticed a boulder beetle
 16558 | D:13     | Killed a centaur warrior
 16559 | D:13     | Reached skill level 14 in Spellcasting
 16559 | D:13     | Noticed a boulder beetle
 16561 | D:13     | Noticed a rakshasa
 16564 | D:13     | Killed a boulder beetle
 16572 | D:13     | Noticed a six-headed hydra
 16658 | D:13     | Noticed a centaur warrior
 16660 | D:13     | Killed a centaur warrior
 16677 | D:13     | Killed a six-headed hydra
 17089 | D:13     | Noticed a centaur warrior
 17093 | D:13     | Killed a centaur warrior
 17100 | D:13     | Killed a boulder beetle
 17105 | D:13     | Identified the +6 double sword "Tewumaoz" {freeze, rPois
                  | Will+ Int+3}
 17173 | D:13     | Noticed a six-headed hydra
 17176 | D:13     | Killed a six-headed hydra
 17177 | D:13     | Reached skill level 1 in Shields
 17182 | D:13     | Noticed a storm dragon
 17186 | D:13     | Killed a storm dragon
 17187 | D:13     | Reached skill level 15 in Spellcasting
 17187 | D:13     | Reached XP level 14. HP: 38/99 MP: 0/0
 17512 | Lair:1   | Entered Level 1 of the Lair of Beasts
 18146 | Lair:1   | Found a runed translucent door.
 18146 | Lair:1   | Noticed Ynoky's ghost (novice DsFi)
 18149 | Lair:1   | Identified the +5 trident of the Sea {pain, rElec rC-
                  | Str+4}
 18325 | Lair:1   | Killed Ynoky's ghost
 19338 | Lair:3   | Found a hole to the Spider Nest.
 19424 | Lair:3   | Reached skill level 16 in Spellcasting
 20131 | Lair:4   | Found a staircase to the Swamp.
 20758 | Lair:5   | Reached XP level 15. HP: 99/106 MP: 0/0
 20758 | Lair:5   | Learned a level 6 spell: Death Channel
 20798 | Lair:5   | Reached skill level 5 in Stealth
 21054 | Lair:5   | Found a frozen archway.
 21067 | IceCv    | Entered an ice cave
 21139 | IceCv    | Found a transporter.
 21151 | IceCv    | Found a transporter.
 21651 | Lair:6   | Entered Level 6 of the Lair of Beasts
 21974 | Lair:6   | Found a transporter.
 21981 | Lair:6   | Found a transporter.
 21984 | Lair:6   | Noticed Juaseomp's ghost (journeyman DjFE)
 21987 | Lair:6   | Found a bloodstained altar of Trog.
 22144 | Lair:6   | Reached skill level 5 in Armour
 22144 | Lair:6   | Reached skill level 17 in Spellcasting
 22151 | Lair:6   | Noticed Kirke
 22156 | Lair:6   | Killed Kirke
 22332 | Lair:6   | Reached skill level 10 in Fighting
 22416 | Lair:6   | Found a burning altar of Makhleb.
 22428 | Lair:6   | Found a gateway to Hell.
 22625 | Lair:6   | Identified 4 scrolls of acquirement
 22647 | Lair:6   | Found a viscous altar of Jiyva.
 22648 | Lair:6   | Found a staircase to the Slime Pits.
 23014 | Lair:6   | Acquired the ring of Pride {Fly rF+ rC+ rN+}
 23016 | Lair:6   | Acquired a manual of Spellcasting
 23018 | Lair:6   | Acquired 930 gold pieces
 23020 | Lair:6   | Acquired 837 gold pieces
 23281 | Orc:1    | Entered Level 1 of the Orcish Mines
 23625 | Orc:1    | Reached XP level 16. HP: 87/113 MP: 0/0
 23886 | Orc:2    | Entered Level 2 of the Orcish Mines
 23891 | Orc:2    | Noticed Nessos
 24158 | Orc:2    | Killed Nessos
 24498 | Orc:2    | Reached skill level 18 in Spellcasting
 24524 | Orc:2    | Found Fees's Magic Scroll Emporium.
 24531 | Orc:2    | Bought a scroll of teleportation for 51 gold pieces
 24531 | Orc:2    | Bought a scroll of vulnerability for 127 gold pieces
 24531 | Orc:2    | Bought a scroll of fear for 59 gold pieces
 24531 | Orc:2    | Bought a scroll of blinking for 127 gold pieces
 24531 | Orc:2    | Bought a scroll of teleportation for 51 gold pieces
 24531 | Orc:2    | Bought a scroll of teleportation for 51 gold pieces
 24531 | Orc:2    | Bought a scroll of summoning for 161 gold pieces
 24536 | Orc:2    | Found Atet's General Store.
 24542 | Orc:2    | Bought a potion of curing for 39 gold pieces
 24542 | Orc:2    | Bought a scroll of blinking for 97 gold pieces
 24542 | Orc:2    | Bought a scroll of identify for 26 gold pieces
 24722 | Orc:2    | Noticed Donald
 24738 | Orc:2    | Killed Donald
 25327 | Orc:2    | Found Qyro's Book Shoppe.
 25440 | Orc:2    | Found Fewnag's Distillery.
 25487 | Orc:2    | Bought 2 potions of invisibility for 224 gold pieces
 25487 | Orc:2    | Bought a potion of berserk rage for 70 gold pieces
 25487 | Orc:2    | Bought a potion of curing for 42 gold pieces
 25487 | Orc:2    | Bought a potion of resistance for 140 gold pieces
 25487 | Orc:2    | Bought a potion of curing for 42 gold pieces
 25487 | Orc:2    | Bought a potion of invisibility for 112 gold pieces
 25487 | Orc:2    | Bought a potion of curing for 42 gold pieces
 25487 | Orc:2    | Bought a potion of attraction for 42 gold pieces
 25487 | Orc:2    | Bought a potion of degeneration for 14 gold pieces
 25943 | Orc:2    | Found a staircase to the Elven Halls.
 26298 | Spider:1 | Entered Level 1 of the Spider Nest
 26480 | Spider:1 | Reached skill level 19 in Spellcasting
 27325 | Spider:2 | Identified the +7 fustibalus "Elad" {venom, rN+ rCorr}
 27801 | Spider:3 | Reached XP level 17. HP: 98/120 MP: 0/0
 27801 | Spider:3 | Learned a level 7 spell: Storm Form
 28155 | Spider:3 | Noticed Arachne
 28164 | Spider:3 | Killed Arachne
 28164 | Spider:3 | Noticed Nikola
 28165 | Spider:3 | Reached skill level 1 in Long Blades
 28171 | Spider:3 | Killed Nikola
 28686 | Spider:4 | Entered Level 4 of the Spider Nest
 28919 | Spider:4 | Reached skill level 20 in Spellcasting
 29334 | Spider:4 | Reached XP level 18. HP: 72/128 MP: 0/0
 29515 | Spider:4 | Got a gossamer rune of Zot
 29738 | Spider:4 | Acquired a manual of Dodging
 29883 | Swamp:1  | Entered Level 1 of the Swamp
 30339 | Swamp:2  | Noticed Louise
 30343 | Swamp:2  | Killed Louise
 31044 | Swamp:3  | Reached skill level 21 in Spellcasting
 31216 | Swamp:3  | Noticed Mara
 31223 | Swamp:3  | Noticed robertstho's illusion
 31407 | Swamp:3  | Noticed robertstho's illusion
 31426 | Swamp:4  | Entered Level 4 of the Swamp
 31432 | Swamp:4  | Noticed a tentacled monstrosity
 31436 | Swamp:4  | Reached XP level 19. HP: 41/135 MP: 0/0
 31436 | Swamp:4  | Learned a level 6 spell: Summon Cactus Giant
 31485 | Swamp:4  | Noticed a tentacled monstrosity
 31485 | Swamp:4  | Noticed Diuqaka's ghost (adept GrFi)
 31485 | Swamp:4  | Found a runed translucent door.
 31512 | Swamp:4  | Killed a tentacled monstrosity
 31575 | Swamp:4  | Noticed Bai Suzhen
 31590 | Swamp:4  | Killed Bai Suzhen
 31895 | Swamp:4  | Reached skill level 5 in Dodging
 32045 | Swamp:4  | Identified the ring "Tiquriv" {Fly rElec Dex+2}
 32178 | Swamp:4  | Found a basalt altar of Yredelemnul.
 32193 | Swamp:4  | Got a decaying rune of Zot
 32526 | Swamp:4  | Found a blossoming altar of Fedhas.
 32931 | Elf:1    | Entered Level 1 of the Elven Halls
 33105 | Elf:1    | Reached XP level 20. HP: 125/143 MP: 0/0
 33308 | Elf:1    | Noticed Eveboq's ghost (adept HuCj)
 33311 | Elf:1    | Reached skill level 22 in Spellcasting
 33358 | Elf:1    | Found a runed translucent door.
 33642 | Elf:1    | Paralysed by an air elemental for 1 turns
 34039 | Elf:2    | Paralysed by an air elemental for 1 turns
 34116 | Elf:2    | Found a runed translucent gate.
 34129 | Elf:2    | Found a runed translucent gate.
 34129 | Elf:2    | Found a runed translucent gate.
 34562 | Elf:3    | Entered Level 3 of the Elven Halls
 35163 | Elf:3    | Killed from afar by a deep elf annihilator

Illustrated notes

Levels and vault maps discovered:
D:1:      dpeg_arrival_rooms_b, layout_rooms, basic_ecumenical_altar,
          serial_bayou, serial_bayou_pond_c, serial_bayou_ford_a,
          serial_bayou_pond_d, serial_bayou_shore_a,
          corexii_item_surrounded_by_moat, st_stairs_9
D:2:      layout_basic, serial_rivers, chequers_serial_rivers_room_b,
          chequers_serial_rivers_small_b, chequers_serial_rivers_large_a,
          chequers_serial_rivers_micro_b, chequers_serial_rivers_marsh,
          feat_on_display
D:3:      layout_loops_cross, grunt_temple_overflow_open,
          kiku_gazebo_pond_becter
D:4:      layout_gridville, mainiacjoe_overflow_chevrons,
          nicolae_qazlal_scattered_showers, corexii_item_surrounded_by_moat,
          uniq_eustachio, uniq_blork_the_orc
D:5:      layout_basic, kennysheep_orc_sif_temple,
          minmay_temple_entry_water_ring, gammafunk_ghost_split
D:6:      layout_layer_cave, ebering_ghost_reflecting_pool, dk_noncrumbling_2,
          roderic_roman_lattice
D:7:      layout_basic, uniq_crazy_yiuf_cottage, uniq_joseph
D:8:      layout_rooms, mainiacjoe_overflow_alcove_2, david_lair_shrubbed,
          minivault_22, uniq_grum, uniq_maggie, uniq_harold
D:9:      layout_irregular_city, fedhas_altar_fruit_tree,
          mainiacjoe_overflow_concentric_impassable, serial_column_ruins,
          column_ruins_columns_water, column_ruins_corridor_straight,
          column_ruins_corridor_corner, column_ruins_open_small_water,
          column_ruins_grid_1, column_ruins_grid_1, serial_park_tiny_1
D:10:     layout_rooms, special_room [special_room_orc],
          nicolae_trove_entry_crystal, hangedman_stone_soup, uniq_erolcha
D:11:     kennysheep_kobold_lugonu_temple, layout_loops_ring,
          ebering_ghost_rock_garden, minivault_4, kennysheep_generic_room_15,
          uniq_urug
D:12:     layout_irregular_city, david_orc_2
D:13:     minmay_expanding_squares, layout_loops_ring
Temple:   minmay_temple_curvy_loop
Lair:1:   layout_hall_layers, ebering_ghost_funeral_grove,
          minmay_stone_trees_small, grunt_megastairs_2, lemuel_fruit_fields
Lair:2:   layout_small_grid, minivault_23
Lair:3:   layout_misc_corridors, nicolae_spider_entry_orb_guardian,
          grunt_megastairs_1
Lair:4:   layout_regular_city, skrybe_swamp_entry_bodies, grunt_megastairs_3,
          lemuel_fruit_fields, lemuel_fruit_tree
Lair:5:   layout_cellular_growth, portal_ice_cave_demonic_guard,
          chequers_serial_rivers_small_b, infiniplex_staircase_pool_2
Lair:6:   evil_forest, layout_gridlike, slime_altar_1,
          gammafunk_ghost_wrathful_warriors, lemuel_fruit_fields, uniq_kirke
Swamp:1:  layout_basic_swamp, nicolae_swamp_round_clearing
Swamp:2:  layout_falls_marsh, evilmike_swamp_ruin_rubble_1, swamp_pool3,
          cheibrodos_swamp_pet_leeches, uniq_louise
Swamp:3:  layout_basic_swamp, infiniplex_staircase_pool, swamp_pool1, uniq_mara
Swamp:4:  byrel_swamp_growth_death_and_undeath, layout_basic_swamp,
          ebering_ghost_inner_flame, swamp_pool3, uniq_bai_suzhen
Spider:1: layout_spider_delve
Spider:2: layout_spider_delve
Spider:3: nicolae_spider_mines_1, drop_trap, hangedman_spider_tarantella_strand,
          uniq_nikola, uniq_arachne
Spider:4: grunt_spider_rune_parallel
Orc:1:    layout_caves, special_room [special_room_bee],
          david_defended_altar_orc
Orc:2:    pubby_orc_utopia, serial_shops, uniq_nessos, uniq_donald
Elf:1:    nicolae_elf_arrival_fired_up, layout_gridlike,
          hellmonk_ghost_big_iron, minmay_elf_sorcery, corexii_checkpoint_a
Elf:2:    elven_hall_of_blades_hangedman_original
          [nicolae_blade_entry_area_security], layout_loops_corners, uniq_azrael
Elf:3:    minmay_elf_hall, layout_geoelf_diagonals, grunt_ministairs_1

Skill      XL: |  1  2  3  4  5  6  7  8  9 10 11 12 13 14 15 16 17 18 19 20 |
---------------+-------------------------------------------------------------+-----
Stealth        | 2 3 4 5 |  5.1
Spellcasting   | 3 4 5 7 9 10 12 13 15 16 17 19 20 21 22 | 22.4
Fighting       | 1 2 3 4 5 6 7 8 9 10 11 12 13 | 13.0
Staves         | 1 |  1.7
Armour         | 1 3 4 5 6 7 8 |  8.5
Dodging        | 3 4 5 |  5.8
Shields        | 1 2 |  2.0
Long Blades    | 2 3 |  3.5
Evocations     | |  0.2

Action                   |  1- 3 |  4- 6 |  7- 9 | 10-12 | 13-15 | 16-18 | 19-21 || total
-------------------------+-------+-------+-------+-------+-------+-------+-------++-------
Melee: Staff             |       |     1 |     9 |     2 |       |       |       ||    12
       Great sword       |       |       |       |       |       |    23 |    15 ||    38
 Cast: Foxfire           |   112 |   105 |   210 |       |     1 |       |       ||   428
       Sticky Flame      |       |     1 |    16 |     9 |    22 |    89 |    19 ||   156
       Fireball          |       |       |    14 |   158 |   276 |   523 |   196 ||  1167
       Stone Arrow       |       |       |       |    47 |    72 |       |    39 ||   158
       Conjure Flame     |       |       |       |       |     1 |       |       ||     1
       Death Channel     |       |       |       |       |     1 |     3 |       ||     4
       Vampiric Draining |       |       |       |       |       |     3 |       ||     3
       Manifold Assault  |       |       |       |       |       |     1 |       ||     1
       Summon Cactus Gia |       |       |       |       |       |       |     9 ||     9
Invok: Potion Petition   |       |       |     1 |       |       |     1 |       ||     2
       Call Merchant     |       |       |       |     1 |       |       |     1 ||     2
Evoke: Condenser vane    |       |       |       |       |       |     1 |     1 ||     2
       Wand              |       |       |       |       |       |       |     2 ||     2
  Use: Scroll            |       |       |    10 |     5 |    12 |    11 |     3 ||    41
       Potion            |       |       |       |       |     4 |     2 |     8 ||    14
Armor: Robe              |     4 |     4 |    20 |     3 |       |       |       ||    31
       Steam dragon scal |       |       |       |     5 |       |       |       ||     5
       Scale mail        |       |       |       |    18 |    24 |   157 |   119 ||   318
Dodge: Dodged            |     3 |    15 |    46 |    11 |    31 |    68 |    35 ||   209
Block: Other             |       |       |       |     4 |    24 |    18 |     1 ||    47
       Reflection        |       |       |       |       |     8 |       |     1 ||     9

Table legend: (Time is in decaauts)
 A = Elapsed time spent in this place.
 B = Non-inter-level travel time spent in this place.
 C = Inter-level travel time spent in this place.
 D = Time resting spent in this place.
 E = Time spent auto-exploring this place.
 F = Levels seen in this place.
 G = Mean time per level.
                   A        B        C        D        E       F      G
               +--------+--------+--------+--------+--------+-----+--------+
         Total |  35201 |  32996 |   2205 |   1864 |  25989 |  34 | 1035.3 |
       Dungeon |  17669 |  16681 |    988 |   1553 |  13229 |  13 | 1359.2 |
        Temple |    156 |     99 |     57 |      0 |     88 |   1 |  156.0 |
          Lair |   5724 |   5216 |    508 |      7 |   4558 |   6 |  954.0 |
         Swamp |   2838 |   2680 |    158 |    122 |   1836 |   4 |  709.5 |
   Spider Nest |   3567 |   3317 |    250 |     55 |   2603 |   4 |  891.8 |
  Orcish Mines |   2913 |   2714 |    199 |     69 |   1897 |   2 | 1456.5 |
   Elven Halls |   2234 |   2191 |     43 |     11 |   1764 |   3 |  744.7 |
      Ice Cave |     96 |     96 |      0 |     47 |     14 |   1 |   96.0 |
               +--------+--------+--------+--------+--------+-----+--------+

Top non-repeatable levels by time:
    D:10: 2170 daAuts
   Orc:2: 2103 daAuts
     D:6: 1906 daAuts
     D:7: 1775 daAuts
     D:9: 1365 daAuts
     D:8: 1352 daAuts
     D:2: 1352 daAuts
     D:4: 1342 daAuts
     D:1: 1298 daAuts
  Lair:6: 1256 daAuts
     D:5: 1219 daAuts
 Swamp:4: 1160 daAuts
     D:3: 1114 daAuts
Spider:4: 1065 daAuts
    D:13: 1059 daAuts
